 Dungeon Crawl Stone Soup version 0.17-a0-1078-g243345b (webtiles) character file.

21567 EvolofMND the Brawler (level 12, 0/119 HPs)
             Began as a Troll Hunter on May 19, 2015.
             Was a High Priest of Qazlal.
             Slain by a seven-headed hydra (7 damage)
             ... on level 2 of the Lair of Beasts.
             The game lasted 00:34:15 (10555 turns).

EvolofMND the Brawler (Troll Hunter)               Turns: 10555, Time: 00:34:16

Health: 0/119      AC: 11    Str: 23    XL:     12   Next: 55%
Magic:  11/11      EV: 10    Int:  9    God:    Qazlal [*****.]
Gold:   661        SH:  6    Dex: 12    Spells: 0 memorised, 11 levels left

rFire  . . .     SeeInvis .       - Unarmed
rCold  . . .     Clarity  .     R - +1 robe {Archmagi}
rNeg   . . .     SustAb   +     (no shield)
rPois  .         Gourm    +     C - +2 hat
rElec  .         Spirit   .     (no cloak)
rCorr  .         Warding  .     (gloves unavailable)
rMut   .         Stasis   .     (boots unavailable)
MR     .....                    j - amulet of rage
Stlth  +.........               S - ring of sustain abilities
                                r - +3 ring of slaying

@: protected from physical damage, repel missiles, not resistant to hostile
enchantments, very unstealthy
A: unfitting armour, claws 3, fast metabolism 3, gourmand, regeneration 2,
shaggy fur 1, tough skin 2
a: Upheaval, Elemental Force, Disaster Area, Renounce Religion, Evoke Berserk
Rage


You were on level 2 of the Lair of Beasts.
You worshipped Qazlal.
Qazlal was extremely pleased with you.
You were not hungry.

You visited 3 branches of the dungeon, and saw 14 of its levels.

You collected 661 gold pieces.

Inventory:

Hand weapons
 k - a +1 blowgun
 P - a +4 scimitar of flaming
Missiles
 e - 13 poisoned needles
 x - 7 javelins of returning (quivered)
 N - 3 javelins
Armour
 C - a +2 hat (worn)
 F - a +0 hat of magic resistance
 R - a +1 robe of the Archmagi (worn)
Jewellery
 d - an uncursed amulet of resist corrosion
 j - an amulet of rage (around neck)
 r - a +3 ring of slaying (left claw)
 s - an uncursed amulet of resist mutation
 Q - an uncursed ring of stealth
 S - a ring of sustain abilities (right claw)
 W - an uncursed ring of ice
Magical devices
 c - a wand of random effects (23)
 t - a wand of magic darts (23)
 B - a wand of paralysis (10)
 K - a wand of heal wounds (8)
 T - a wand of digging (9)
 Y - a wand of digging (12)
 Z - a wand of teleportation (5)
Scrolls
 g - 4 scrolls of teleportation
 l - 3 scrolls of remove curse
 o - 2 scrolls of fog
 p - 4 scrolls of identify
 q - 2 scrolls of fear
 w - 2 scrolls of recharging
 y - a scroll of enchant armour
Potions
 a - a potion of brilliance {unknown}
 f - 2 potions of resistance
 h - 3 potions of might
 i - a potion of haste
 m - 4 potions of curing
 n - 3 potions of agility
 A - 2 potions of magic {unknown}
 D - a potion of heal wounds {unknown}
 I - 4 potions of cancellation {unknown}
 U - 2 potions of berserk rage
 X - 2 potions of lignification
Miscellaneous
 J - a sack of spiders
Comestibles
 u - 4 bread rations
 v - 9 fruits
 z - 2 chunks of flesh


   Skills:
 + Level 7.8 Fighting
 - Level 3.6 Throwing
 - Level 1.5 Dodging
 - Level 0.4 Stealth
 - Level 17.7 Unarmed Combat


You had 11 spell levels left.
You didn't know any spells.

Dungeon Overview and Level Annotations

Branches:
Dungeon (11/15)            Temple (1/1) D:5            Lair (2/8) D:11
    Orc: D:9-12

Altars:
Ashenzari
Cheibriados
Dithmenos
Elyvilon
Fedhas
Gozag
Kikubaaqudgha
Makhleb
Nemelex Xobeh
Okawaru
Qazlal
Ru
Sif Muna
Trog
Vehumet
Xom
Yredelemnul
Zin
The Shining One

Portals:
Trove: D:10 (give 6 potions of haste)


Innate Abilities, Weirdness & Mutations

You are too large for most types of armour.
You have claws for hands.
Your metabolism is lightning-fast.
You like to eat raw meat.
You heal very quickly.
You are covered in fur (AC +1).
You have very tough skin (AC +2).


Message History

The seven-headed hydra barely misses you.
The seven-headed hydra bites you but does no damage.
The seven-headed hydra bites you!
* * * LOW HITPOINT WARNING * * *
You feel more protected from physical attacks.
Throwing (i - inventory. (,) - cycle):
b - a throwing net (quivered)
Press: ? - help, Shift-Dir - straight line, f/p - seven-headed hydra
Aim: a seven-headed hydra (almost dead)
You throw a throwing net.
The throwing net barely misses the seven-headed hydra.
The seven-headed hydra bites you!
* * * LOW HITPOINT WARNING * * *
The seven-headed hydra misses you.
The seven-headed hydra barely misses you.
The seven-headed hydra bites you but does no damage.
The seven-headed hydra bites you.
* * * LOW HITPOINT WARNING * * *
You block the seven-headed hydra's attack.
The seven-headed hydra bites you!
You die...

# #.#### ...#
#.######
#.@D(.(#
..#####>###(.#
........# #
#....###.# ###
#...# #.# ..#
#.#.# #.# #.#
...# #.# #.##
# ..# ##.#
ยง..###.#
#.###..##


You could see a seven-headed hydra.

Vanquished Creatures
  Gastronok (Lair:2)
  Erolcha (D:8)
  Josephine (D:10)
  Erica (D:10)
  A death yak (D:11)
  A hydra (Lair:1)
  Urug (D:10)
  Nergalle (Lair:2)
  2 hill giants (D:10)
  The ghost of EvolofMD the Cruncher, an experienced DgEn (D:7)
  An elephant (D:11)
  Maurice (D:8)
  A cyclops (D:11)
  Psyche (D:8)
  The ghost of hornqvist the Shield-Bearer, an experienced FoFi (D:6)
  5 spiny frogs
  A komodo dragon (Lair:2)
  Grinder (D:6)
  Prince Ribbit (D:6)
  A two-headed ogre (D:10)
  4 wraiths (D:10)
  A deep elf mage (D:9)
  Sigmund (D:6)
  8 yaks
  A shadow (D:9)
  2 hungry ghosts (D:10)
  A basilisk (Lair:2)
  4 hippogriffs
  Grum (D:8)
  9 wolves
  4 water moccasins
  5 porcupines
  5 orc warriors
  2 sky beasts
  2 black bears
  An ice beast (D:9)
  5 centaurs
  2 necrophages
  A phantom (D:9)
  3 ogres
  A big kobold (D:10)
  6 crocodiles
  8 giant frogs
  3 scorpions
  6 wights
  6 killer bees (D:7)
  5 crimson imps
  A gnoll shaman (D:7)
  3 jellies
  2 quasits
  7 worker ants
  A wasp zombie (D:8)
  3 orc wizards
  3 hounds
  2 orc priests
  5 iguanas
  A killer bee zombie (D:9)
  2 sheep (D:11)
  A hound zombie (D:2)
  6 gnolls (D:7)
  21 river rats
  2 worker ant zombies
  11 adders
  3 shadow imps
  An adder skeleton (D:9)
  2 adder zombies
  2 worms
  29 orcs
  4 bat skeletons
  A bat zombie (D:5)
  7 giant cockroaches
  14 hobgoblins
  19 kobolds
  2 quokkas
  3 ball pythons
  14 bats
  A giant cockroach zombie (D:2)
  8 giant geckos
  A giant gecko zombie (D:2)
  5 giant newts
  11 goblins
  4 jackals (D:10)
  A jackal skeleton (D:7)
  5 quokka skeletons
  A quokka zombie (D:9)
  13 rats
  2 bushes (Lair:1)
  9 fungi
  A plant (Lair:2)
356 creatures vanquished.

Vanquished Creatures (others)
  An orc wizard (D:8)
  2 bushes (Lair:1)
  A fungus (Lair:2)
  A plant (Lair:2)
5 creatures vanquished.

Grand Total: 361 creatures vanquished

Notes
Turn   | Place    | Note
--------------------------------------------------------------
     0 | D:1      | EvolofMND the Troll Hunter began the quest for the Orb.
     0 | D:1      | Reached XP level 1. HP: 19/19 MP: 0/0
    57 | D:1      | Reached skill level 1 in Unarmed Combat
   164 | D:1      | Reached XP level 2. HP: 22/27 MP: 1/1
   669 | D:2      | Reached XP level 3. HP: 28/33 MP: 2/2
   855 | D:2      | Found an opulent altar of Gozag.
  1025 | D:2      | Reached XP level 4. HP: 41/41 MP: 3/3
  1134 | D:2      | Reached skill level 4 in Unarmed Combat
  1455 | D:3      | Found a glowing silver altar of Zin.
  1552 | D:3      | Reached XP level 5. HP: 45/48 MP: 4/4
  1641 | D:3      | You fall through a shaft!
  1708 | D:4      | Reached skill level 5 in Unarmed Combat
  1784 | D:4      | Noticed an ogre
  1799 | D:4      | Killed an ogre
  1892 | D:4      | Found a shadowy altar of Dithmenos.
  1961 | D:4      | Reached skill level 6 in Unarmed Combat
  1961 | D:4      | Reached XP level 6. HP: 38/55 MP: 5/5
  2389 | D:3      | Found a shimmering altar of Xom.
  2933 | D:5      | Entered Level 5 of the Dungeon
  3029 | D:5      | Found a shattered altar of Ashenzari.
  3058 | D:5      | Reached skill level 7 in Unarmed Combat
  3117 | D:5      | Found a staircase to the Ecumenical Temple.
  3129 | Temple   | Entered the Ecumenical Temple
  3169 | Temple   | Became a worshipper of Qazlal Stormbringer
  3291 | D:5      | Found a radiant altar of Vehumet.
  3535 | D:5      | Found a white marble altar of Elyvilon.
  3684 | D:5      | Reached XP level 7. HP: 62/62 MP: 6/6
  4082 | D:6      | Noticed Sigmund
  4102 | D:6      | Killed Sigmund
  4102 | D:6      | Reached skill level 8 in Unarmed Combat
  4184 | D:6      | Found a bloodstained altar of Trog.
  4254 | D:6      | Noticed Prince Ribbit
  4262 | D:6      | Killed Prince Ribbit
  4262 | D:6      | Reached skill level 9 in Unarmed Combat
  4341 | D:6      | Noticed hornqvist's ghost (experienced FoFi)
  4355 | D:6      | Killed hornqvist's ghost
  4355 | D:6      | Reached XP level 8. HP: 45/70 MP: 7/7
  4358 | D:6      | Reached skill level 10 in Unarmed Combat
  4520 | D:6      | Found a burning altar of Makhleb.
  4647 | D:6      | Noticed Grinder
  4657 | D:6      | Acquired Qazlal's first power
  4660 | D:6      | Killed Grinder
  5202 | D:7      | Reached skill level 11 in Unarmed Combat
  5257 | D:7      | Noticed EvolofMD's ghost (experienced DgEn)
  5278 | D:7      | Reached XP level 9. HP: 76/76 MP: 8/8
  5322 | D:7      | Killed EvolofMD's ghost
  5322 | D:7      | Reached skill level 12 in Unarmed Combat
  5527 | D:7      | Acquired Qazlal's second power
  5771 | D:7      | Found a glowing golden altar of the Shining One.
  5936 | D:8      | Noticed Grum
  5950 | D:8      | Killed Grum
  5954 | D:8      | Reached skill level 13 in Unarmed Combat
  6008 | D:8      | Noticed Maurice
  6177 | D:8      | Found a basalt altar of Yredelemnul.
  6184 | D:8      | Found an iron altar of Okawaru.
  6394 | D:8      | Noticed Erolcha
  6397 | D:8      | Killed Erolcha
  6397 | D:8      | Reached XP level 10. HP: 81/85 MP: 9/9
  6447 | D:8      | Killed Maurice
  6447 | D:8      | Reached skill level 14 in Unarmed Combat
  6564 | D:8      | Noticed Psyche
  6568 | D:8      | Killed Psyche
  6662 | D:8      | Found a snail-covered altar of Cheibriados.
  6947 | D:9      | Acquired Qazlal's third power
  7071 | D:9      | Found a blossoming altar of Fedhas.
  7253 | D:9      | Reached skill level 15 in Unarmed Combat
  7582 | D:10     | Entered Level 10 of the Dungeon
  7626 | D:10     | Noticed a hill giant
  7747 | D:10     | Noticed Urug
  7780 | D:10     | Killed Urug
  7828 | D:10     | Noticed Josephine
  7835 | D:10     | Killed Josephine
  7835 | D:10     | Reached skill level 16 in Unarmed Combat
  7835 | D:10     | Reached XP level 11. HP: 70/92 MP: 10/10
  7874 | D:10     | Acquired Qazlal's fourth power
  7899 | D:10     | Killed a hill giant
  7976 | D:10     | Noticed a hill giant
  7983 | D:10     | Killed a hill giant
  8001 | D:10     | Noticed Erica
  8007 | D:10     | Killed Erica
  8199 | D:10     | Found a portal to a secret trove of treasure.
  8293 | D:10     | Reached skill level 17 in Unarmed Combat
  8987 | D:11     | Noticed a death yak
  8987 | D:11     | Found a staircase to the Lair.
  9013 | D:11     | Killed a death yak
  9140 | Lair:1   | Entered Level 1 of the Lair of Beasts
  9146 | Lair:1   | Acquired Qazlal's fifth power
  9156 | Lair:2   | Noticed Gastronok
  9210 | Lair:1   | Reached XP level 12. HP: 32/106 MP: 11/11
  9396 | Lair:2   | Killed Gastronok
  9396 | Lair:2   | Reached skill level 5 in Fighting
  9976 | Lair:1   | Noticed a four-headed hydra
  9986 | Lair:1   | Killed a four-headed hydra
 10442 | Lair:2   | Noticed Nergalle
 10453 | Lair:2   | Killed Nergalle
 10547 | Lair:2   | Noticed a seven-headed hydra
 10555 | Lair:2   | Slain by a seven-headed hydra

Vault maps used:
D:1:      scummos_arrival_hexagon
D:2:      nicolae_gozag_cash_rules_everything_around_me, serial_undead,
          serial_undead_e, serial_undead_d, serial_undead_d, serial_undead_a
D:3:      old_standard_altar, nicolae_overflow_hidden_temple
D:4:      kennysheep_mini_moat, first_bread, minmay_statues_item
D:5:      lemuel_round_altar, ashenzari_conservatory_becter,
          minmay_temple_entry_trees, elyvilon_altar_3
D:6:      kennysheep_mini, bloody_makhleb, uniq_sigmund, uniq_grinder,
          uniq_prince_ribbit1
D:7:      tso_oasis_becter
D:8:      lemuel_crystal_altar, amethyst_overflow_temple_binary, st_stairs_8,
          uniq_psyche, uniq_grum, uniq_erolcha, uniq_maurice
D:9:      kennysheep_big_flooded_room, lemuel_doored_altar
D:10:     enter_trove_1, uniq_urug, uniq_josephine, uniq_erica
D:11:     david_lair_generic, minmay_orc_entry_temple_small
Temple:   temple_island_7
Lair:1:   minmay_hedge_maze, grunt_megastairs_4, lemuel_fruit_tree
Lair:2:   uniq_gastronok, uniq_nergalle

Action                   |  1- 3 |  4- 6 |  7- 9 | 10-12 || total
-------------------------+-------+-------+-------+-------++-------
Melee: Unarmed           |    94 |   167 |   184 |   392 ||   837
       Short sword       |     7 |       |       |       ||     7
 Fire: Blowgun           |       |     5 |    11 |       ||    16
Throw: Large rock        |       |       |    12 |    22 ||    34
       Throwing net      |       |       |     2 |     4 ||     6
       Tomahawk          |       |       |       |     5 ||     5
       Javelin           |       |       |       |     3 ||     3
 Abil: Evoke Berserk Rag |       |       |       |     3 ||     3
Evoke: Sack of spiders   |       |       |       |     1 ||     1
  Use: Scroll            |       |     9 |       |    15 ||    24
       Potion            |       |       |     6 |     2 ||     8
 Stab: Sleeping          |       |     1 |       |       ||     1
  Eat: Chunk             |     6 |    16 |    29 |    39 ||    90
       Bread ration      |     2 |     1 |       |       ||     3
